 Dungeon Crawl Stone Soup version 0.28.0-43-g3370ac3207 (webtiles) character file.

Game seed: 15115170308125549716

555 graymark the Skirmisher (level 7, -2/60 HPs)
             Began as a Gnoll Wanderer on Mar 1, 2022.
             Was a Follower of Kikubaaqudgha.
             Slain by Duvessa
             ... wielding a +0 short sword
              (7 damage)
             ... on level 4 of the Dungeon.
             The game lasted 00:26:01 (5873 turns).

graymark the Skirmisher (Gnoll Wanderer)            Turns: 5873, Time: 00:26:02

Health: -2/60      AC:  4    Str: 11    XL:     7   Next: 30%
Magic:  9/12       EV: 13    Int: 13    God:    Kikubaaqudgha [*.....]
Gold:   141        SH:  0    Dex: 12    Spells: 9/13 levels left

rFire   . . .      SeeInvis .   a - +3 spear
rCold   . . .      Faith    .   (no shield)
rNeg    . . .      Spirit   .   b - +0 robe
rPois   .          Reflect  .   w - +0 helmet
rElec   .          Harm     .   (no cloak)
rCorr   .          Rampage  .   t - +0 pair of gloves
Will    .....                   (no boots)
Stlth   +.........              (no amulet)
HPRegen 0.20/turn               u - ring of wizardry
MPRegen 0.13/turn               (no ring)

@: lit by a corona, glowing
A: fangs 1, strong nose, distributed training
a: Renounce Religion, Receive Corpses


You were on level 4 of the Dungeon.
You worshipped Kikubaaqudgha.
Kikubaaqudgha was aware of your devotion.
You visited 1 branch of the dungeon, and saw 4 of its levels.

You collected 141 gold pieces.

Inventory:

Hand Weapons
 a - a +3 spear (weapon)
 h - a +0 trident
 o - a +0 hunting sling
 v - a +1 vorpal flail
Missiles
 f - 3 javelins
 i - 9 poisoned darts
 l - 56 stones
 p - 6 boomerangs
Armour
 b - a +0 robe (worn)
 c - a +0 ring mail
 t - a +0 pair of gloves (worn)
 w - a +0 helmet (worn)
Magical Staves
 n - a staff of cold
Jewellery
 u - a ring of wizardry (left hand)
Wands
 r - a wand of paralysis (1)
Scrolls
 g - a scroll of teleportation
 k - 2 scrolls of blinking {unknown}
 x - a scroll of enchant armour {unknown}
Potions
 d - a potion of ambrosia
 e - a potion of flight {unknown}
 j - 2 potions of resistance
 m - 2 potions of cancellation
 s - a potion of attraction {unknown}


   Skills:
 + Level 7.0 Fighting
 + Level 2.4 Short Blades
 + Level 2.4 Long Blades
 + Level 2.4 Axes
 + Level 2.4 Maces & Flails
 + Level 5.2 Polearms
 + Level 2.4 Staves
 + Level 2.4 Slings
 + Level 2.4 Bows
 + Level 2.4 Crossbows
 + Level 3.5 Throwing
 + Level 2.4 Armour
 + Level 3.5 Dodging
 + Level 2.4 Stealth
 + Level 2.4 Shields
 + Level 2.4 Unarmed Combat
 + Level 3.7 Spellcasting
 + Level 2.0 Conjurations
 + Level 2.0 Hexes
 + Level 2.0 Summonings
 + Level 2.0 Necromancy
 + Level 2.0 Translocations
 + Level 2.0 Transmutations
 + Level 4.3 Fire Magic
 + Level 2.0 Ice Magic
 + Level 2.0 Air Magic
 + Level 2.0 Earth Magic
 + Level 2.0 Poison Magic
 + Level 2.6 Invocations
 + Level 2.4 Evocations


You had 9 spell levels left.
You knew the following spells:

 Your Spells              Type           Power      Damage    Failure   Level
a - Foxfire               Conj/Fire      40%        2x1d6     2%          1
b - Animate Skeleton      Necr           14%        N/A       4%          1
c - Corpse Rot            Necr/Air       14%        N/A       6%          2

Your spell library contained the following spells:

 Spells                   Type           Power      Damage    Failure   Level
 Sublimation of Blood     Necr           7%         N/A       6%          2
 Conjure Flame            Conj/Fire      10%        6-21      7%          3
 Gell's Gravitas          Tloc           7%         N/A       12%         3
 Lesser Beckoning         Tloc           7%         N/A       12%         3
 Teleport Other           Tloc           7%         N/A       12%         3
 Agony                    Necr           7%         N/A       67%         5


Dungeon Overview and Level Annotations

Branches:
Dungeon (4/15)             Temple (0/1) D:4

Altars:
Fedhas
Kikubaaqudgha
Zin

Shops:
D:2 =

Annotations:
D:3 2 transporters, 1 runed translucent door, Crazy Yiuf; Sigmund; Tux's ghost, amateur FoEE
D:4 Dowan; Duvessa


Innate Abilities, Weirdness & Mutations

You have very sharp teeth.
Your uncanny sense of smell can sniff out nearby items.
Your experience applies equally to all skills.


Message History

Your magical contamination has completely faded away.
Casting: Animate Skeleton (safe; 4% risk of failure)
Confirm with . or Enter, or press ? or * to list all spells.
Okay, then.
Unknown command.
Casting: Animate Skeleton (safe; 4% risk of failure)
Confirm with . or Enter, or press ? or * to list all spells.
Okay, then.
Unknown command.
You hit Duvessa but do no damage. Duvessa barely misses you.
You hit Duvessa but do no damage. You bite Duvessa, but do no damage.
Duvessa hits you with a +0 short sword.
Your quokka skeleton bites Duvessa but does no damage.
You barely miss Duvessa. Duvessa hits you with a +0 short sword!
Your quokka skeleton bites Duvessa but does no damage.
Duvessa says, "My weaknesses are his strengths!"
Duvessa hits you with a +0 short sword!
You hit Duvessa but do no damage. Duvessa hits you with a +0 short sword.
Your quokka skeleton misses Duvessa.
You hit Duvessa but do no damage. Duvessa hits you with a +0 short sword.
Your quokka skeleton barely misses Duvessa.
Duvessa hits you with a +0 short sword.
Your quokka skeleton bites Duvessa but does no damage.
Your quokka skeleton barely misses Duvessa.
Duvessa hits you with a +0 short sword.
* * * LOW HITPOINT WARNING * * *
Duvessa says, "My weaknesses are his strengths!"
Duvessa hits you with a +0 short sword.
* * * LOW HITPOINT WARNING * * *
Dowan casts a spell at you.
You are outlined in light.
Duvessa gestures with her weapon.
Dowan casts a spell.
Dowan blinks!
Duvessa hits you with a +0 short sword!
* * * LOW HITPOINT WARNING * * *
Dowan casts a spell at you. The puff of frost misses you.
Duvessa hits you with a +0 short sword!
You die...
Kikubaaqudgha rasps: "You have failed me!
Welcome... death!"

### ##.# ..#####.# #......# ..#
###..#.###.......####.#..... #.#
##.†.##...###...#......#.##.#
#.###..e†#........#.######...##.#
........##..>..##.....# #.#.##.#
#.###.#........#..>.#.# #.#.##.#
#.# #...###...##.#..#.# #......#
..# ###.§.###.#.....#.# ##..)###
#### ###...#.#e@##.#.# #...###
##.#####.........##.#.# #...##.
#.#.##....(#.#........#####...##.
.###.#..........#..####..........
## ##.........e..................
.###.#......#.####.####..........
#.#.##.....##.# #.# #####...##.
#...####......# #.# #...##. ..#.#
######## #.# #.#.###


You could see Duvessa (fast) and Dowan.

Vanquished Creatures
  Edmund (D:4)
  A water moccasin (D:4)
  A howler monkey (D:3)
  A hound (D:4)
  An orc priest (D:3)
  2 bullfrog skeletons
  2 orc wizards (D:3)
  6 adders
  2 worms (D:2)
  2 dart slugs
  7 orcs
  4 ball pythons
  8 endoplasms
  3 giant cockroaches
  3 goblins
  3 hobgoblins
  4 jackals
  7 kobolds
  5 quokkas
  2 bats (D:3)
  6 frilled lizards
  6 rats
77 creatures vanquished.

Vanquished Creatures (collateral kills)
  A kobold (D:3)
1 creature vanquished.

Vanquished Creatures (others)
  170 foxfires
  8 plants
178 creatures vanquished.

Grand Total: 256 creatures vanquished

Notes
Turn   | Place    | Note
-------+----------+-------------------------------------------
     0 | D:1      | graymark the Gnoll Wanderer began the quest for the Orb.
     0 | D:1      | graymark set off with the following items: a +3 spear, a +0
                  | robe; and the following spell memorised: Foxfire; and the
                  | following spells available to memorise: Conjure Flame
     0 | D:1      | Reached XP level 1. HP: 23/23 MP: 4/4
   187 | D:1      | Reached XP level 2. HP: 29/29 MP: 5/5
   420 | D:1      | Found a faded altar of an unknown god.
   426 | D:1      | Prayed at the altar of an unknown god.
   426 | D:1      | Became a worshipper of Kikubaaqudgha
   426 | D:1      | Reached * piety under Kikubaaqudgha
   426 | D:1      | Received a gift from Kikubaaqudgha
   467 | D:1      | Learned a level 1 spell: Animate Skeleton
   744 | D:1      | Reached XP level 3. HP: 35/35 MP: 7/7
   947 | D:1      | Learned a level 2 spell: Corpse Rot
  1816 | D:2      | Reached skill level 1 in Invocations
  1998 | D:2      | Reached skill level 1 in Short Blades
  1998 | D:2      | Reached skill level 1 in Long Blades
  1998 | D:2      | Reached skill level 1 in Axes
  1998 | D:2      | Reached skill level 1 in Maces & Flails
  1998 | D:2      | Reached skill level 1 in Staves
  1998 | D:2      | Reached skill level 1 in Slings
  1998 | D:2      | Reached skill level 1 in Bows
  1998 | D:2      | Reached skill level 1 in Crossbows
  1998 | D:2      | Reached skill level 1 in Armour
  1998 | D:2      | Reached skill level 1 in Stealth
  1998 | D:2      | Reached skill level 1 in Shields
  1998 | D:2      | Reached skill level 1 in Unarmed Combat
  1998 | D:2      | Reached skill level 1 in Evocations
  2123 | D:2      | Found Uggayt's Jewellery Emporium.
  2157 | D:2      | Reached XP level 4. HP: 31/41 MP: 2/8
  2543 | D:3      | Noticed Tux's ghost (amateur FoEE)
  2543 | D:3      | Found a transporter.
  2736 | D:3      | Reached skill level 1 in Conjurations
  2736 | D:3      | Reached skill level 1 in Hexes
  2736 | D:3      | Reached skill level 1 in Summonings
  2736 | D:3      | Reached skill level 1 in Necromancy
  2736 | D:3      | Reached skill level 1 in Translocations
  2736 | D:3      | Reached skill level 1 in Transmutations
  2736 | D:3      | Reached skill level 1 in Ice Magic
  2736 | D:3      | Reached skill level 1 in Air Magic
  2736 | D:3      | Reached skill level 1 in Earth Magic
  2736 | D:3      | Reached skill level 1 in Poison Magic
  3156 | D:3      | Reached XP level 5. HP: 23/47 MP: 4/9
  3384 | D:3      | Found a transporter.
  3390 | D:3      | Noticed a necrophage
  3523 | D:3      | Noticed Sigmund
  3797 | D:3      | Reached ** piety under Kikubaaqudgha
  4160 | D:3      | Found a runed translucent door.
  4161 | D:3      | Noticed Crazy Yiuf
  4319 | D:3      | Reached XP level 6. HP: 9/53 MP: 10/10
  4955 | D:4      | Noticed a water moccasin
  4979 | D:4      | Killed a water moccasin
  4980 | D:4      | Reached skill level 5 in Polearms
  5216 | D:4      | Noticed Duvessa
  5414 | D:4      | Noticed Edmund
  5427 | D:4      | Killed Edmund
  5428 | D:4      | Reached skill level 7 in Fighting
  5428 | D:4      | Reached XP level 7. HP: 60/60 MP: 4/12
  5496 | D:4      | Found a blossoming altar of Fedhas.
  5496 | D:4      | Found a glowing silver altar of Zin.
  5795 | D:4      | Found a staircase to the Ecumenical Temple.
  5849 | D:4      | Noticed Dowan
  5873 | D:4      | Slain by Duvessa

Illustrated notes

Levels and vault maps discovered:
D:1:      wander_arrival_peaceful_grave, layout_loops_ring,
          hellmonk_ecumenical_altar_crossroads, serial_co_window_serial,
          co_window_of_opportunity_a, co_window_cross_1, co_window_paths_a,
          co_window_paths_b, co_window_paths_a, co_window_unsneaky_path_d,
          co_window_2corner, co_window_of_opportunity_b, co_window_corner_cb,
          glass_columns_c, glass_columns_b, glass_columns_a
D:2:      layout_loops_ring, serial_forest, infiniplex_forest_corner_2,
          infiniplex_forest_clump_long, infiniplex_forest_clump_C,
          infiniplex_forest_clump_tiny, infiniplex_forest_lined_room_2,
          serial_shops, shop, wander_ebering_terrifying_dragon_lair
D:3:      layout_basic, gammafunk_ghost_mausoleum, minmay_stone_trees_medium,
          uniq_sigmund, uniq_crazy_yiuf_cottage
D:4:      layout_loops_cross, mainiacjoe_overflow_large_starburst,
          minmay_temple_entry_slanted, serial_bayou_pond_b, item_on_display_b,
          uniq_duvessa, uniq_edmund

Skill      XL: |  1  2  3  4  5  6  7 |
---------------+----------------------+-----
Invocations    | 1 2 |  2.6
Short Blades   | 1 2 |  2.4
Long Blades    | 1 2 |  2.4
Axes           | 1 2 |  2.4
Maces & Flails | 1 2 |  2.4
Staves         | 1 2 |  2.4
Slings         | 1 2 |  2.4
Bows           | 1 2 |  2.4
Crossbows      | 1 2 |  2.4
Armour         | 1 2 |  2.4
Stealth        | 1 2 |  2.4
Shields        | 1 2 |  2.4
Unarmed Combat | 1 2 |  2.4
Evocations     | 1 2 |  2.4
Spellcasting   | 3 |  3.7
Conjurations   | 1 2 |  2.0
Hexes          | 1 2 |  2.0
Summonings     | 1 2 |  2.0
Necromancy     | 1 2 |  2.0
Translocations | 1 2 |  2.0
Transmutations | 1 2 |  2.0
Ice Magic      | 1 2 |  2.0
Air Magic      | 1 2 |  2.0
Earth Magic    | 1 2 |  2.0
Poison Magic   | 1 2 |  2.0
Throwing       | 3 |  3.5
Dodging        | 3 |  3.5
Fire Magic     | 4 |  4.3
Polearms       | 5 |  5.2
Fighting       | 7 |  7.0

Action                   |  1- 3 |  4- 6 |  7- 9 || total
-------------------------+-------+-------+-------++-------
Melee: Spear             |    70 |   105 |    10 ||   185
       Bite              |     3 |    10 |     1 ||    14
       Punch             |     2 |       |       ||     2
 Cast: Foxfire           |    43 |    54 |     7 ||   104
       Animate Skeleton  |     4 |    12 |     2 ||    18
Invok: Receive Corpses   |       |     3 |     1 ||     4
Evoke: Wand              |       |     8 |       ||     8
  Use: Potion            |       |     3 |       ||     3
       Scroll            |       |     1 |     3 ||     4
 Stab: Sleeping          |     3 |     2 |       ||     5
       Paralysed         |       |     5 |       ||     5
Armor: Ring mail         |     7 |       |       ||     7
       Robe              |     1 |     8 |       ||     9
Dodge: Dodged            |    25 |    66 |     6 ||    97
